 Dungeon Crawl Stone Soup version 0.23.0-3-gf3c87f2df8 (webtiles) character file.

Game seed: 17507989935550147151

7195 Peloso the Carver (level 10, -7/81 HPs)
             Began as a Minotaur Fighter on Feb 24, 2019.
             Was a High Priest of Okawaru.
             Killed from afar by a raiju (15 damage)
             ... with a living lightning
             ... on level 2 of the Abyss.
             The game lasted 00:24:08 (8743 turns).

Peloso the Carver (Minotaur Fighter)                Turns: 8743, Time: 00:24:09

Health: -7/81      AC: 18    Str: 22    XL:     10   Next: 87%
Magic:  9/9        EV:  7    Int:  5    God:    Okawaru [*****.]
Gold:   657        SH: 12    Dex: 12    Spells: 9/9 levels left

rFire    x . .     SeeInvis .   a - +1 long sword
rCold    + . .     Gourm    .   c - +0 shield
rNeg     . . .     Faith    .   x - +0 plate armour
rPois    .         Spirit   .   (helmet restricted)
rElec    .         Reflect  .   B - +0 cloak
rCorr    .         Harm     .   u - +0 pair of gloves
MR       .....                  C - +0 pair of boots
Stlth    ..........             (no amulet)
HPRegen  0.23/turn              F - ring of ice
MPRegen  0.11/turn              (no ring)

@: berserk cooldown, slowed, very slow
A: retaliatory headbutt, horns 2, frail 1, screaming 1
a: Heroism, Finesse, Renounce Religion


You were on level 2 of the Abyss.
You worshipped Okawaru.
Okawaru was extremely pleased with you.
You were not hungry.

You visited 2 branches of the dungeon, and saw 10 of its levels.
You visited the Abyss 1 time.

You collected 657 gold pieces.

Inventory:

Hand Weapons
 a - a +1 long sword (weapon)
Armour
 b - a +0 scale mail
 c - a +0 shield (worn)
 u - a +0 pair of gloves (worn)
 x - a +0 plate armour (worn)
 B - a +0 cloak (worn)
 C - a +0 pair of boots (worn)
Jewellery
 F - a ring of ice (left hand)
Wands
 i - a wand of iceblast (8)
 j - a wand of clouds (6)
 q - a wand of flame (72)
 r - a wand of paralysis (12)
 s - a wand of disintegration (17)
 z - a wand of digging (8)
Scrolls
 g - 4 scrolls of remove curse
 k - 2 scrolls of blinking
 l - 3 scrolls of enchant weapon
 n - 4 scrolls of identify
 p - 3 scrolls of immolation {unknown}
 w - 3 scrolls of amnesia {unknown}
 y - a scroll of enchant armour {unknown}
 A - 2 scrolls of random uselessness {unknown}
 D - a scroll of noise {unknown}
 G - a scroll of magic mapping {unknown}
Potions
 d - a potion of mutation {unknown}
 e - 5 potions of curing
 h - 4 potions of agility
 m - 3 potions of cancellation
 o - a potion of resistance
 t - a potion of brilliance
 v - 2 potions of heal wounds {unknown}
Comestibles
 f - 16 rations


   Skills:
 + Level 9.3 Fighting
 + Level 11.7 Long Blades
 + Level 9.5 Armour
 + Level 2.1 Dodging
 + Level 0.8 Stealth
 + Level 10.7 Shields
 + Level 1.2 Invocations


You had 9 spell levels left.
You didn't know any spells.
Your spell library contained the following spells:

 Spells                   Type           Power        Failure   Level  Hunger
 Confusing Touch          Hex            #.....       100%        1    ##.....
 Corona                   Hex            #......      100%        1    ##.....
 Ensorcelled Hibernation  Hex/Ice        #.....       100%        2    ###....
 Confuse                  Hex            #.......     100%        3    ####...
 Dazzling Spray           Conj/Hex       #.....       100%        3    ####...
 Gell's Gravitas          Tloc           #.........   100%        3    ####...
 Tukima's Dance           Hex            #.......     100%        3    ####...
 Petrify                  Tmut/Erth      #.......     100%        4    #####..
 Metabolic Englaciation   Hex/Ice        #.........   100%        5    ######.
 Yara's Violent Unravell  Hex/Tmut       #.........   100%        5    ######.


Dungeon Overview and Level Annotations

Branches:
Dungeon (9/15)             Temple (1/1) D:4
   Lair: D:8-11         Orc: D:9-12

Altars:
Ashenzari
Cheibriados
Elyvilon
Fedhas
Gozag
Hepliaklqana
Kikubaaqudgha
Makhleb
Nemelex Xobeh
Okawaru
Qazlal
Ru
Sif Muna
Xom
Zin
The Shining One

Annotations:
D:7 2 transporters, Esekla's ghost, novice DEWn
D:9 Psyche


Innate Abilities, Weirdness & Mutations

You reflexively headbutt those who attack you in melee.
You have a pair of horns on your head.
You are frail. (-10% HP)
You occasionally shout uncontrollably at your foes.


Message History

Something hits you. The raiju bites you but does no damage.
You block the death drake's attack. You block the raiju's attack.
You closely miss the death drake. Your headbutt misses the death drake.
The death drake is lightly wounded.
Something hits you but does no damage. The death drake bites you.
You block the death drake's attack.
The raiju bursts into living lightning!
The living lightning hits you!
* * * LOW HITPOINT WARNING * * *
The raiju blinks!
You hit something. Something completely misses you. Something hits you!
* * * LOW HITPOINT WARNING * * *
The death drake bites you but does no damage.
Unknown command.
You hit the raiju but do no damage. Your headbutt misses the raiju.
Something hits you but does no damage. The death drake bites you!
* * * LOW HITPOINT WARNING * * *
The raiju bursts into living lightning!
The living lightning hits you!
You die...

#. .# . #. .. ..
.#. .. . ##... ..#
.#. .#.# # ..# ..#
.#.... .
#.##.###....
....#..#X#....###
.......k@.........
.###..h.h..#...
##.#.....# . .#.
#.#..#.# . . ..
..##..#.# # #.#
..# ##.## #.
#..#.# ... .# #.
.#.#.#.. .#..# .#
# .#. . .....# ..


You could see a death drake, a large abomination and 2 raiju.

Vanquished Creatures
  A glowing orange brain (Abyss:2)
  A guardian serpent (Abyss:1)
  A rust devil (Abyss:1)
  A kobold demonologist (Abyss:1)
  A troll (D:8)
  Grinder (D:3)
  A raiju (Abyss:2)
  A hippogriff (D:8)
  2 wyverns
  A hungry ghost (D:7)
  3 neqoxecs (Abyss:1)
  A wraith (D:8)
  Edmund (D:6)
  2 large abominations
  An ice beast (D:6)
  2 orc warriors
  A sky beast (D:6)
  A black bear (D:8)
  An ogre (D:5)
  3 phantoms
  9 centaurs
  3 bullfrogs
  A gnoll sergeant (D:7)
  2 scorpions
  4 killer bees (D:8)
  10 wights
  A crimson imp (D:8)
  A bullfrog skeleton (D:6)
  3 hounds
  8 orc wizards
  5 orc priests
  A centaur skeleton (D:4)
  4 iguanas
  9 worker ants
  A hound zombie (D:8)
  A mummy (D:8)
  A worker ant zombie (D:8)
  8 gnolls
  15 adders
  A howler monkey skeleton (D:6)
  2 shadow imps
  An ooze (D:2)
  An adder skeleton (D:4)
  4 worms (D:3)
  A dart slug (D:5)
  4 leopard geckos
  43 orcs
  6 giant cockroaches
  17 goblins
  11 hobgoblins
  8 jackals
  12 kobolds
  4 quokkas
  2 ball pythons
  5 bats
  3 frilled lizards
  A jackal zombie (D:5)
  A leopard gecko skeleton (D:4)
  A leopard gecko zombie (D:7)
  8 rats
250 creatures vanquished.

Notes
Turn   | Place    | Note
-------+----------+-------------------------------------------
     0 | D:1      | Peloso the Minotaur Fighter began the quest for the Orb.
     0 | D:1      | Reached XP level 1. HP: 19/19 MP: 0/0
   193 | D:1      | Reached XP level 2. HP: 27/27 MP: 1/1
   616 | D:2      | Reached XP level 3. HP: 30/33 MP: 2/2
  1206 | D:3      | Noticed Grinder
  1207 | D:3      | Reached skill level 3 in Long Blades
  1215 | D:3      | Paralysed by Grinder for 2 turns
  1236 | D:3      | Killed Grinder
  1236 | D:3      | Reached skill level 4 in Long Blades
  1236 | D:3      | Reached skill level 1 in Dodging
  1236 | D:3      | Reached XP level 4. HP: 7/41 MP: 3/3
  1236 | D:3      | Reached XP level 5. HP: 8/47 MP: 4/4
  1555 | D:3      | Reached skill level 5 in Armour
  1602 | D:3      | You fall through a shaft!
  1602 | D:4      | Found a staircase to the Ecumenical Temple.
  1636 | D:4      | Reached XP level 6. HP: 49/55 MP: 5/5
  1657 | Temple   | Entered the Ecumenical Temple
  1710 | Temple   | Became a worshipper of Warmaster Okawaru
  1795 | D:3      | Reached skill level 5 in Shields
  1878 | D:3      | Reached skill level 5 in Fighting
  2094 | D:3      | Found a glowing golden altar of the Shining One.
  2320 | D:5      | Entered Level 5 of the Dungeon
  2417 | D:4      | Found an opulent altar of Gozag.
  2698 | D:4      | Reached skill level 5 in Long Blades
  2705 | D:4      | Found a glowing golden altar of the Shining One.
  2935 | D:5      | Found a hazy altar of Hepliaklqana.
  2974 | D:5      | Reached XP level 7. HP: 44/61 MP: 6/6
  3145 | D:5      | Reached * piety under Okawaru
  3830 | D:6      | Reached skill level 6 in Long Blades
  3871 | D:6      | Reached XP level 8. HP: 34/70 MP: 7/7
  4163 | D:6      | Reached ** piety under Okawaru
  4593 | D:6      | Reached skill level 7 in Long Blades
  4594 | D:6      | Noticed Edmund
  4633 | D:6      | Killed Edmund
  5204 | D:6      | Reached XP level 9. HP: 74/78 MP: 8/8
  5237 | D:6      | Reached skill level 8 in Long Blades
  5319 | D:6      | Found a sacrificial altar of Ru.
  5474 | D:6      | Found a stormy altar of Qazlal.
  5474 | D:6      | Found a blossoming altar of Fedhas.
  5475 | D:6      | Found a shimmering altar of Xom.
  5475 | D:6      | Found a sparkling altar of Nemelex Xobeh.
  5475 | D:6      | Found a white marble altar of Elyvilon.
  5746 | D:7      | Found a transporter.
  5750 | D:7      | Noticed Esekla's ghost (novice DEWn)
  5751 | D:7      | Noticed a moth of wrath
  5771 | D:7      | Found a transporter.
  6350 | D:7      | Reached skill level 9 in Long Blades
  6459 | D:8      | Reached *** piety under Okawaru
  6503 | D:8      | Found a snail-covered altar of Cheibriados.
  6717 | D:8      | Reached skill level 10 in Long Blades
  6863 | D:8      | Noticed a troll
  6864 | D:8      | Paralysed by an orc warrior for 3 turns
  7062 | D:8      | Paralysed by an orc warrior for 7 turns
  7075 | D:8      | Killed a troll
  7075 | D:8      | Reached **** piety under Okawaru
  7075 | D:8      | Reached skill level 10 in Shields
  7075 | D:8      | Reached XP level 10. HP: 10/88 MP: 9/9
  8208 | D:9      | Noticed Psyche
  8217 | D:9      | Cast into level 1 of the Abyss (Psyche)
  8271 | Abyss:1  | Noticed a starcursed mass
  8297 | Abyss:1  | Noticed a large abomination
  8305 | Abyss:1  | Noticed an orange demon
  8388 | Abyss:1  | Noticed a rust devil
  8395 | Abyss:1  | Killed a rust devil
  8415 | Abyss:1  | Noticed a guardian serpent
  8421 | Abyss:1  | Killed a guardian serpent
  8421 | Abyss:1  | Reached ***** piety under Okawaru
  8421 | Abyss:1  | Reached skill level 1 in Invocations
  8426 | Abyss:1  | Noticed a rust devil
  8428 | Abyss:1  | Reached skill level 11 in Long Blades
  8435 | Abyss:1  | Gained mutation: You occasionally shout uncontrollably at
                  | your foes. [a neqoxec]
  8445 | Abyss:1  | Noticed a starcursed mass
  8455 | Abyss:1  | Noticed a red draconian
  8560 | Abyss:1  | Gained mutation: You are frail. (-10% HP) [a neqoxec]
  8602 | Abyss:1  | Noticed a wretched star
  8627 | Abyss:2  | Noticed a glowing orange brain
  8705 | Abyss:2  | Found a corrupted altar of Lugonu.
  8730 | Abyss:2  | Noticed a death drake
  8736 | Abyss:2  | Killed a glowing orange brain
  8743 | Abyss:2  | Killed from afar by a raiju

Skill      XL: |  1  2  3  4  5  6  7  8  9 10 |
---------------+-------------------------------+-----
Fighting       | 4 5 6 8 9 |  9.3
Armour         | 4 5 6 7 8 9 |  9.5
Shields        | 4 5 6 8 10 | 10.7
Long Blades    | 4 5 6 7 10 11 | 11.7
Dodging        | 1 2 |  2.1
Invocations    | 1 |  1.2
Stealth        | |  0.8

Action                   |  1- 3 |  4- 6 |  7- 9 | 10-12 || total
-------------------------+-------+-------+-------+-------++-------
Melee: Long sword        |    81 |   135 |   510 |   185 ||   911
       Headbutt          |    10 |    31 |    98 |    34 ||   173
Invok: Heroism           |       |       |     6 |     6 ||    12
  Use: Potion            |     1 |       |     1 |     2 ||     4
       Scroll            |       |       |    10 |     4 ||    14
  Eat: Chunk             |       |     6 |     8 |     4 ||    18
       Ration            |       |       |     2 |     1 ||     3
Armor: Scale mail        |    36 |    42 |       |       ||    78
       Plate armour      |       |    11 |   305 |    96 ||   412
Dodge: Dodged            |    25 |    37 |   104 |    26 ||   192
Block: Shield            |    41 |    66 |   343 |    94 ||   544
       Rpst.: Long sword |     7 |    13 |    25 |     7 ||    52
